 Dungeon Crawl Stone Soup version 0.28.0-47-ge53b351184 (webtiles) character file.

Game seed: 535711314231293998

3992 Exodus22XD the Cleaver (level 10, -3/81 (88) HPs)
             Began as a Hill Orc Fighter on May 7, 2022.
             Was a Follower of Beogh.
             Slain by a wight
             ... wielding a +0 trident
              (6 damage)
             ... on level 7 of the Dungeon.
             The game lasted 00:07:32 (7462 turns).

Exodus22XD the Cleaver (Hill Orc Fighter)           Turns: 7462, Time: 00:07:33

HP:   -3/81 (88)    AC: 17    Str: 24    XL:     10   Next: 23%
MP:   10/10         EV:  7    Int:  8    God:    Beogh [*.....]
Gold: 300           SH:  5    Dex: 10    Spells: 9/9 levels left

rFire   . . .      SeeInvis .   a - +0 war axe
rCold   . . .      Faith    .   c - +0 buckler
rNeg    . . .      Spirit   .   h - +0 plate armour
rPois   .          Reflect  .   (no helmet)
rElec   .          Harm     .   (no cloak)
rCorr   .          Rampage  .   n - +0 pair of gloves
Will    +....                   F - +1 pair of boots of Zeoweic {Will+}
Stlth   ..........              (no amulet)
HPRegen 0.23/turn               (no ring)
MPRegen 0.12/turn               (no ring)

@: drained
A: no striking features
a: Renounce Religion


You were on level 7 of the Dungeon.
You worshipped Beogh.
Beogh was aware of your devotion.
You visited 1 branch of the dungeon, and saw 8 of its levels.

You collected 300 gold pieces.

Inventory:

Hand Weapons
 a - a +0 war axe (weapon)
 x - a +2 battleaxe of freezing
 y - a +4 hand axe
 B - a +0 halberd of flaming
Armour
 c - a +0 buckler (worn)
 h - a +0 plate armour (worn)
 n - a +0 pair of gloves (worn)
 o - a +0 tower shield
 z - an orb of mayhem
 F - the +1 pair of boots of Zeoweic (worn) {Will+}
   (You found it on level 7 of the Dungeon)

   Will:      It increases your willpower.
Jewellery
 d - an amulet of reflection
 v - a ring of fire
 C - a ring of resist corrosion
 I - an amulet of the acrobat
Wands
 D - a wand of paralysis (7)
Scrolls
 g - 4 scrolls of noise {unknown}
 i - 4 scrolls of identify {unknown}
 k - 2 scrolls of amnesia {unknown}
 m - 3 scrolls of fog {unknown}
 p - a scroll of teleportation {unknown}
 s - 2 scrolls of holy word {unknown}
 u - a scroll of immolation {unknown}
 w - a scroll of brand weapon {unknown}
 A - 2 scrolls of blinking {unknown}
 E - a scroll of silence {unknown}
 H - a scroll of enchant armour {unknown}
Potions
 b - a potion of invisibility {unknown}
 e - 2 potions of attraction {unknown}
 f - 2 potions of resistance {unknown}
 j - 2 potions of cancellation
 l - a potion of heal wounds {unknown}
 q - 2 potions of curing {unknown}
 r - a potion of mutation {unknown}
 t - a potion of flight {unknown}
 G - a potion of brilliance {unknown}


   Skills:
 + Level 8.2 Fighting
 + Level 13.0 Axes
 + Level 8.9 Armour
 + Level 0.5 Dodging
 + Level 5.5 Shields


You had 9 spell levels left.
You didn't know any spells.
Your spell library was empty.

Dungeon Overview and Level Annotations

Branches:
Dungeon (8/15)             Temple (0/1) D:5
   Lair: D:8-11

Altars:
Dithmenos
Elyvilon
Fedhas
Gozag
Kikubaaqudgha
Ru
Sif Muna
Xom
Zin
The Shining One

Shops:
D:4 *


Message History

* * * LOW HITPOINT WARNING * * *
The wight barely misses you.
You barely miss the wight.
The wight is almost destroyed.
You block the wight's attack. The wight hits you but does no damage.
You barely miss the wight.
The wight is almost destroyed.
The wight hits you but does no damage. The wight barely misses you.
The wight hits you but does no damage.
You hit the wight.
You destroy the wight!
Beogh accepts your kill.
The wight hits you from afar with a +0 spear.
* * * LOW HITPOINT WARNING * * *
You block the wight's attack.
Your Axes skill increases to level 13!
Okay, then.
The wight barely misses you.
Things that are here:
a +3 spear; a +0 robe You closely miss the wight.
The wight hits you but does no damage.
You barely miss the wight. The wight hits you with a +0 trident.
* * * LOW HITPOINT WARNING * * *
You feel drained.
* * * LOW HITPOINT WARNING * * *
The wight hits you but does no damage.
You closely miss the wight. The wight hits you with a +0 trident.
* * * LOW HITPOINT WARNING * * *
Okay, then.
You hit the wight but do no damage.
The wight hits you but does no damage. x2
You closely miss the wight.
The wight hits you but does no damage. x2
You barely miss the wight. You block the wight's attack.
The wight closely misses you.
You hit the wight.
The wight is moderately damaged.
The wight barely misses you. You block the wight's attack.
You barely miss the wight.
The wight is moderately damaged.
The wight closely misses you. The wight hits you with a +0 trident.
You die...

#.≈.#.≈.#
._≈.#.≈.####.####
## #.≈.#.≈.#
..≈.#.≈.# #.## ##
#..#.≈.#...≈.#.≈.#
#..# #. #..#.≈.#
S≈.#.≈.# ##.# #.
#..#.≈.###...#.≈.#
#.# #.
#..#.≈...(####.≈.#
##.######.
#..#.≈≈≈≈≈.zz..≈.#
#.(.....#.
#..#......≈≈≈≈≈≈.#
#..####.##
#..#######...)@z.#
#...###.#
#........(########
#.#..##.## ...####
#.........
#.........
###..#....
#..#.##. #.......
#.#####. #.......


You could see 3 wights.

Vanquished Creatures
  3 kobold demonologists (D:8)
  Grinder (D:4)
  4 water moccasins
  2 ice beasts (D:7)
  A black bear (D:5)
  An orc warrior (D:5)
  4 necrophages
  An ogre (D:4)
  A centaur (D:7)
  2 kobold brigands
  Blork the orc (D:6)
  3 bullfrogs
  5 scorpions
  2 water moccasin zombies (D:5)
  6 wights
  A bullfrog zombie (D:6)
  2 howler monkeys
  3 hounds
  A centaur zombie (D:3)
  A human zombie (D:5)
  An orc priest (D:6)
  2 iguanas
  3 orc wizards
  A scorpion zombie (D:5)
  2 killer bee zombies (D:6)
  2 mummies (D:5)
  A howler monkey zombie (D:5)
  4 adders
  A white imp (D:5)
  An ufetubus (D:5)
  3 dart slugs
  24 orcs
  8 ball pythons
  6 endoplasms
  2 giant cockroaches
  3 goblins
  4 hobgoblins
  7 jackals
  19 kobolds
  7 quokkas
  8 bats
  6 frilled lizards
  22 rats
182 creatures vanquished.

Vanquished Creatures (others)
  An orc priest (D:6)
  An orc (D:6)
2 creatures vanquished.

Grand Total: 184 creatures vanquished

Notes
Turn   | Place    | Note
-------+----------+-------------------------------------------
     0 | D:1      | Exodus22XD the Hill Orc Fighter began the quest for the
                  | Orb.
     0 | D:1      | Reached XP level 1. HP: 19/19 MP: 1/1
    83 | D:1      | Reached XP level 2. HP: 27/27 MP: 2/2
   382 | D:1      | Reached skill level 3 in Axes
   896 | D:1      | Reached XP level 3. HP: 30/33 MP: 3/3
  1345 | D:2      | Reached XP level 4. HP: 40/40 MP: 4/4
  1348 | D:2      | Reached skill level 4 in Axes
  1507 | D:2      | Reached XP level 5. HP: 35/47 MP: 5/5
  1935 | D:3      | Found a white marble altar of Elyvilon.
  1944 | D:3      | Reached skill level 5 in Axes
  2322 | D:4      | Reached skill level 5 in Fighting
  2322 | D:4      | Reached XP level 6. HP: 53/56 MP: 6/6
  2527 | D:4      | Found a sacrificial altar of Ru.
  2547 | D:4      | Found Imuwiob's Gadget Gallery.
  2571 | D:4      | Noticed Grinder
  2588 | D:4      | Killed Grinder
  2589 | D:4      | Reached skill level 7 in Axes
  2589 | D:4      | Reached XP level 7. HP: 39/61 MP: 7/7
  2893 | D:4      | Found a shadowy altar of Dithmenos.
  2945 | D:4      | Found a shimmering blue altar of Sif Muna.
  3097 | D:5      | Entered Level 5 of the Dungeon
  3111 | D:5      | Reached skill level 5 in Armour
  3143 | D:5      | Reached skill level 8 in Axes
  3281 | D:5      | Found a glowing golden altar of the Shining One.
  3283 | D:5      | Found a blossoming altar of Fedhas.
  3351 | D:5      | Found a staircase to the Ecumenical Temple.
  3372 | D:5      | Found an opulent altar of Gozag.
  3595 | D:5      | Reached XP level 8. HP: 40/70 MP: 8/8
  4150 | D:5      | Reached skill level 9 in Axes
  4886 | D:5      | Found an ancient bone altar of Kikubaaqudgha.
  5028 | D:6      | Reached skill level 10 in Axes
  5053 | D:6      | Reached XP level 9. HP: 40/78 MP: 9/9
  5063 | D:6      | Became a worshipper of Beogh the Brigand
  5204 | D:5      | Reached skill level 5 in Shields
  5797 | D:6      | Noticed Blork the orc
  5821 | D:6      | Killed Blork the orc
  5890 | D:6      | Reached skill level 11 in Axes
  6214 | D:6      | You fall into a shaft and drop 2 floors!
  6214 | D:8      | Noticed a kobold demonologist
  6214 | D:8      | Noticed a kobold demonologist
  6214 | D:8      | Noticed a kobold demonologist
  6216 | D:8      | Noticed a smoke demon
  6220 | D:8      | Killed a kobold demonologist
  6223 | D:8      | Noticed a smoke demon
  6225 | D:8      | Reached * piety under Beogh
  6225 | D:8      | Killed a kobold demonologist
  6229 | D:8      | Noticed a smoke demon
  6229 | D:8      | Killed a kobold demonologist
  6230 | D:8      | Reached skill level 12 in Axes
  6566 | D:7      | Identified the +1 pair of boots of Zeoweic {Will+}
  6589 | D:7      | Found a shimmering altar of Xom.
  6595 | D:7      | Reached XP level 10. HP: 88/88 MP: 10/10
  7435 | D:7      | Found a glowing silver altar of Zin.
  7454 | D:7      | Reached skill level 13 in Axes
  7457 | D:7      | HP: 2/81 [wight/+0 trident (5)]
  7462 | D:7      | Slain by a wight

Illustrated notes

Levels and vault maps discovered:
D:1:      sevenhm_arrival_forest_fort_small_4, layout_rooms,
          grunt_decor_one_mirror
D:2:      layout_basic, minmay_rat_hole
D:3:      layout_loops_ring, elyvilon_altar_4, due_unseen_surprise
D:4:      layout_rooms, lemuel_blue_sif_altar, kennysheep_mini,
          mainiacjoe_overflow_alcove_4, nicolae_shop_gadgets, uniq_grinder
D:5:      layout_cave_pools, lemuel_mausoleum_altar_kikubaaqudgha,
          mainiacjoe_overflow_cross_hatched, mainiacjoe_overflow_catwalk_spiral,
          minmay_temple_entry_statues_pillars
D:6:      layout_rooms, uniq_blork_the_orc
D:7:      layout_loops_cross, mainiacjoe_overflow_surrounded_room,
          nicolae_overflow_squiral
D:8:      layout_basic

Skill      XL: |  1  2  3  4  5  6  7  8  9 10 |
---------------+-------------------------------+-----
Axes           | 3 4 5 7 8 10 12 13 | 13.0
Fighting       | 4 5 6 7 8 |  8.2
Armour         | 4 5 6 8 |  8.9
Shields        | 4 5 |  5.5
Dodging        | |  0.5

Action                   |  1- 3 |  4- 6 |  7- 9 | 10-12 || total
-------------------------+-------+-------+-------+-------++-------
Melee: War axe           |   140 |   119 |   308 |    61 ||   628
Invok: Convert to Beogh  |       |       |     1 |       ||     1
  Use: Potion            |       |       |     2 |       ||     2
Armor: Scale mail        |    41 |       |       |       ||    41
       Plate armour      |    51 |    90 |   162 |    49 ||   352
Dodge: Dodged            |    64 |    23 |    90 |    35 ||   212
Block: Buckler           |    39 |    32 |    67 |    14 ||   152
